 Dungeon Crawl Stone Soup version 0.27-a0-1191-g601b473118 (webtiles) character file.

Game seed: 9771159015777543200

35 senseless the Skirmisher (level 3, -1/30 HPs)
             Began as a Demonspawn Monk on May 24, 2021.
             Slain by Robin
             ... wielding a +0 trident
              (2 damage)
             ... on level 2 of the Dungeon.
             The game lasted 00:02:48 (1399 turns).

senseless the Skirmisher (Demonspawn Monk)          Turns: 1399, Time: 00:02:48

Health: -1/30      AC:  3    Str: 12    XL:     3   Next: 16%
Magic:  3/3        EV: 13    Int: 11    God:
Gold:   117        SH:  0    Dex: 15    Spells: 2/2 levels left

rFire    . . .     SeeInvis .     - Unarmed
rCold    . . .     Faith    .   (no shield)
rNeg     . . .     Spirit   .   a - +0 robe
rPois    .         Reflect  .   (no helmet)
rElec    .         Harm     .   (no cloak)
rCorr    .         Rampage  .   d - +0 pair of gloves
Will     .....                  (no boots)
Stlth    ++........             (no amulet)
HPRegen  0.10/turn              (no ring)
MPRegen  0.08/turn              (no ring)

@: mighty, flying, very slightly contaminated, invisible
A: demonic guardian 1, spiny 1
a: no special abilities


You were on level 2 of the Dungeon.
You visited 1 branch of the dungeon, and saw 2 of its levels.

You collected 117 gold pieces.

Inventory:

Armour
 a - a +0 robe (worn)
 d - a +0 pair of gloves (worn)
Scrolls
 c - a scroll of fog
 e - 2 scrolls of identify
Potions
 f - 2 potions of attraction


   Skills:
 * Level 3.7 Fighting
 + Level 3.0 Dodging
 - Level 1.7 Stealth
 + Level 3.0 Unarmed Combat


You had 2 spell levels left.
You didn't know any spells.
Your spell library was empty.

Dungeon Overview and Level Annotations

Branches:
Dungeon (2/15)

Altars:

Shops:
D:1 =

Annotations:
D:2 Robin


Innate Abilities, Weirdness & Mutations

A weak demonic guardian rushes to your aid.
You are partially covered in sharp spines.


Message History

The sling bullet barely misses you. Robin completely misses you.
You are too injured to fight recklessly!
You are too injured to fight recklessly!
You swap places.
The goblin unwields a +0 club.
The goblin wields a +0 hunting sling.
The goblin shoots a stone.
The stone hits your shadow imp.
Your shadow imp barely misses the goblin.
Robin hits you from afar with a +0 trident.
The goblin shoots a stone.
The stone hits your shadow imp.
Your shadow imp misses the goblin.
Robin barely misses you.
The goblin shoots a stone.
The stone hits your shadow imp.
Your shadow imp dies!
Robin hits you from afar with a +0 trident!
* * * LOW HITPOINT WARNING * * *
The goblin shoots a sling bullet.
The sling bullet misses you.
The goblin shoots a stone.
The stone barely misses you.
The goblin shoots a sling bullet.
The sling bullet barely misses you. Robin throws the goblin at you!
You see here a +0 club.
It was a potion of might.
You feel very mighty all of a sudden.
The goblin shoots a stone.
The stone hits you.
* * * LOW HITPOINT WARNING * * *
The goblin unwields a +0 hunting sling.
The goblin wields a +0 club.
The goblin misses you.
It was a potion of invisibility.
You fade into invisibility!
Robin throws the goblin out of sight!
The goblin closely misses you.
You are very lightly contaminated with residual magic.
It was a potion of flight.
You feel very buoyant.
You fly up into the air.
The goblin unwields a +0 hunting sling.
The goblin wields a +0 club.
The goblin is struck by your spines. The goblin misses you.
Robin hits you but does no damage. The goblin is struck by your spines.
You kill the goblin!
It was a potion of magic.
Magic courses through your body. The goblin barely misses you.
Robin hits you from afar with a +0 trident.
You die...

#.[..#####.. #.##.#......
#.#......... #.#..#.###..
#.#..#.##... #
#######.#..#.##.#.
..##.##.....#.#.......#.
......).g..............>
#####@###.#.#..#...... ..
#.###.#.##.#......
#.##g#...............
#+####.#)J.........#..#.#.
.#.# #..................#..#
#.
#.#.##.#.....................#
#. ......
...................#.##.#.
..#.#
#..................#.##.#.
....#
.J.....#.............##.#.


You could see Robin, an endoplasm and a goblin (strong).

Vanquished Creatures
  2 endoplasms (D:2)
  3 giant cockroaches
  7 goblins
  4 hobgoblins
  3 ball pythons
  A bat (D:2)
  2 frilled lizards
  A kobold (D:1)
  4 rats
27 creatures vanquished.

Vanquished Creatures (collateral kills)
  4 goblins (D:2)
4 creatures vanquished.

Grand Total: 31 creatures vanquished

Notes
Turn   | Place    | Note
-------+----------+-------------------------------------------
     0 | D:1      | senseless the Demonspawn Monk began the quest for the Orb.
     0 | D:1      | Reached XP level 1. HP: 18/18 MP: 1/1
   157 | D:1      | Found Kabuobbe's Jewellery Boutique.
   472 | D:1      | Gained mutation: A weak demonic guardian rushes to your
                  | aid. [demonic ancestry]
   472 | D:1      | Reached XP level 2. HP: 24/24 MP: 2/2
  1076 | D:2      | Noticed Robin
  1383 | D:2      | Gained mutation: You are partially covered in sharp spines.
                  | [demonic ancestry]
  1383 | D:2      | Reached XP level 3. HP: 26/30 MP: 3/3
  1396 | D:2      | HP: 1/30 [goblin/stone[Robin] (1)]
  1399 | D:2      | Slain by Robin

Illustrated notes

Levels and vault maps discovered:
D:1:      sevenhm_arrival_forest_fort_large_4, layout_rooms, serial_shops, shop
D:2:      layout_basic, dk_vineyard_2, uniq_robin

Skill      XL: |  1  2 |
---------------+-------+-----
Dodging        | 3 |  3.0
Unarmed Combat | 3 |  3.0
Fighting       | |  3.7
Stealth        | |  1.7

Action                   || total
-------------------------++-------
Melee: Unarmed           ||   108
  Use: Scroll            ||     3
       Potion            ||     4
 Stab: Sleeping          ||     3
Armor: Robe              ||    25
Dodge: Dodged            ||    85

Table legend: (Time is in decaauts)
 A = Elapsed time spent in this place.
 B = Non-inter-level travel time spent in this place.
 C = Inter-level travel time spent in this place.
 D = Time resting spent in this place.
 E = Time spent auto-exploring this place.
 F = Levels seen in this place.
 G = Mean time per level.
                   A        B        C        D        E       F      G
               +--------+--------+--------+--------+--------+-----+--------+
         Total |   1393 |   1365 |     28 |    227 |    898 |   2 |  696.5 |
       Dungeon |   1393 |   1365 |     28 |    227 |    898 |   2 |  696.5 |
               +--------+--------+--------+--------+--------+-----+--------+

Top non-repeatable levels by time:
     D:1: 792 daAuts
     D:2: 600 daAuts
